 Dungeon Crawl Stone Soup version 0.22.1-2-g9c5b331 (webtiles) character file.

123 Folque the Digger (level 4, -1/33 HPs)
             Began as a Draconian Earth Elementalist on Nov 12, 2018.
             Slain by Grinder (3 damage)
             ... while paralysed by Grinder
             ... on level 3 of the Dungeon.
             The game lasted 00:07:27 (2926 turns).

Folque the Digger (Draconian Earth Elementalist)    Turns: 2926, Time: 00:07:28

Health: -1/33      AC:  6    Str: 10    XL:     4   Next: 79%
Magic:  1/9        EV:  2    Int: 16    God:
Gold:   101        SH:  0    Dex: 12    Spells: 4/10 levels left

rFire    . . .     SeeInvis .   f - +0 spear
rCold    . . .     Gourm    .   (no shield)
rNeg     . . .     Faith    .   (armour unavailable)
rPois    .         Spirit   .   (helmet restricted)
rElec    .         Reflect  .   k - +0 cloak
rCorr    .         Harm     .   (no gloves)
MR       .....                  (no boots)
Stlth    ++........             (no amulet)
HPRegen  0.11/turn              (no ring)
MPRegen  0.11/turn              (no ring)

@: paralysed
A: unfitting armour, cold-blooded, AC +5
a: no special abilities


You were on level 3 of the Dungeon.
You were not hungry.

You visited 1 branch of the dungeon, and saw 3 of its levels.

You collected 101 gold pieces.

Inventory:

Hand Weapons
 f - a +0 spear (weapon)
Missiles
 b - 103 stones (quivered)
Armour
 k - a +0 cloak (worn)
Jewellery
 g - an uncursed amulet of magic regeneration {unknown}
Scrolls
 a - 7 scrolls of identify {unknown}
 d - a scroll of blinking {unknown}
 e - a scroll of fear {unknown}
 h - a scroll of enchant weapon {unknown}
 i - a scroll of noise {unknown}
 l - a scroll of random uselessness {unknown}
 m - a scroll of immolation {unknown}
 n - 4 scrolls of enchant armour {unknown}
 o - a scroll of remove curse {unknown}
Potions
 j - 3 potions of haste {unknown}
 q - a potion of brilliance {unknown}
Comestibles
 c - 6 rations
 p - 4 chunks of flesh


   Skills:
 - Level 1.7 Dodging
 - Level 1.7 Stealth
 * Level 3.5 Spellcasting
 + Level 1.6 Conjurations
 - Level 1.0 Transmutations
 - Level 4.0 Earth Magic


You had 4 spell levels left.
You knew the following spells:

 Your Spells              Type           Power        Failure   Level  Hunger
a - Sandblast             Erth           ###...       3%          1    None
b - Passwall              Tmut/Erth      ##......     10%         2    ##.....
c - Stone Arrow           Conj/Erth      ##....       17%         3    ###....

Your spell library contained the following spells:

 Spells                   Type           Power        Failure   Level  Hunger
 Magic Dart               Conj           #...         9%          1    None
 Searing Ray              Conj           #.....       14%         2    ##.....
 Dazzling Spray           Conj/Hex       #.....       36%         3    ###....
 Petrify                  Tmut/Erth      ##......     54%         4    ####...
 Iskenderun's Mystic Bla  Conj           #.......     65%         4    ####...
 Force Lance              Conj/Tloc      #.......     77%         4    ####...
 Fulminant Prism          Conj/Hex       #.........   77%         4    ####...
 Lee's Rapid Deconstruct  Erth           ###.......   67%         5    ######.


Dungeon Overview and Level Annotations

Branches:
Dungeon (3/15)

Altars:
The Shining One

Annotations:
D:3 Grinder


Innate Abilities, Weirdness & Mutations

Your plain brown scales are hard. (AC +5)
You cannot fit into any form of body armour.
You are cold-blooded and may be slowed by cold attacks.


Message History

Press: ? - help, Dir - move target cursor, f/p - Grinder
Aim: Grinder (almost dead)
You reach to attack!
You hit Grinder but do no damage.
Grinder is almost dead.
Grinder says, "FISH!"
You closely miss Grinder.
Your tail-slap misses Grinder.
Grinder is almost dead.
Grinder hits you!
You hit Grinder but do no damage.
Grinder is almost dead.
Grinder hits you.
* * * LOW HITPOINT WARNING * * *
You writhe in agony.
* * * LOW HITPOINT WARNING * * *
You closely miss Grinder.
Grinder is almost dead.
Grinder gestures at you.
You suddenly lose the ability to move!
Grinder hits you.
You die...

(#.#..# .##.##..# #..
.#.#..# ...##..## #..
.#.#..# # ...##...# #..
....(.# #.
.##.##.#.########..
.....## #.. ..
#.#....##.......)
......# #....
#..............).
##.##.# #....
#.#....##........ .# #
#.%...##.#..#.##.###.#..
.. #....5@.#.##.# #.#..
### #########.# .##.
#.#.. #.##.##. #.#..
#.......###....
###.###.......
##......####.
....##.......
###.##..#....
#.......#..


You could see Grinder.

Vanquished Creatures
  Terence (D:2)
  3 adders (D:3)
  2 worms
  2 dart slugs (D:1)
  A leopard gecko (D:1)
  9 orcs (D:3)
  4 bats (D:1)
  4 giant cockroaches
  2 goblins (D:3)
  6 hobgoblins
  3 jackals (D:3)
  3 frilled lizards
  5 kobolds
  9 rats
54 creatures vanquished.

Notes
Turn   | Place    | Note
-------+----------+-------------------------------------------
     0 | D:1      | Folque the Draconian Earth Elementalist began the quest for
                  | the Orb.
     0 | D:1      | Reached XP level 1. HP: 14/14 MP: 3/3
   306 | D:1      | Reached XP level 2. HP: 20/20 MP: 5/5
   321 | D:1      | Learned a level 2 spell: Passwall
  1021 | D:1      | Reached XP level 3. HP: 23/26 MP: 6/6
  1026 | D:1      | Learned a level 3 spell: Stone Arrow
  1458 | D:2      | Noticed Terence
  1929 | D:2      | Found a faded altar of an unknown god.
  2098 | D:3      | Reached skill level 4 in Earth Magic
  2243 | D:3      | Found a glowing golden altar of the Shining One.
  2257 | D:3      | Reached skill level 1 in Conjurations
  2257 | D:3      | Reached XP level 4. HP: 33/33 MP: 1/8
  2602 | D:2      | Killed Terence
  2823 | D:3      | Noticed Grinder
  2918 | D:3      | Paralysed by Grinder for 2 turns
  2924 | D:3      | HP: 1/33 [Grinder (4)]
  2925 | D:3      | Paralysed by Grinder for 4 turns
  2926 | D:3      | Slain by Grinder

Skill      XL: |  1  2  3 |
---------------+----------+-----
Earth Magic    | 4 |  4.0
Spellcasting   | 3 |  3.5
Conjurations   | 1 |  1.6
Dodging        | |  1.7
Stealth        | |  1.7
Transmutations | |  1.0

Action                   |  1- 3 |  4- 6 || total
-------------------------+-------+-------++-------
Melee: Unarmed           |    76 |       ||    76
       Tailslap          |     9 |    11 ||    20
       Spear             |    55 |    86 ||   141
 Cast: Sandblast         |    19 |     4 ||    23
       Stone Arrow       |     9 |     9 ||    18
       Passwall          |     1 |       ||     1
 Stab: Sleeping          |     3 |     1 ||     4
       Distracted        |       |     1 ||     1
  Eat: Chunk             |     2 |     4 ||     6
       Ration            |     1 |       ||     1
Armor: Skin              |    47 |    22 ||    69
Dodge: Dodged            |    76 |    40 ||   116
